 Dungeon Crawl Stone Soup version 0.27-a0-1139-g28e009f8a6 (webtiles) character file.

Game seed: 12934301484233811438

434 jestyr24 the Caller (level 7, 0/44 (48) HPs)
             Began as a Merfolk Summoner on May 7, 2021.
             Was an Initiate of Elyvilon.
             Killed from afar by Sigmund (11 damage)
             ... with a puff of flame
             ... on level 4 of the Dungeon.
             The game lasted 00:39:40 (4523 turns).

jestyr24 the Caller (Merfolk Summoner)              Turns: 4523, Time: 00:39:41

HP:   0/44 (48)     AC:  4    Str:  8    XL:     7   Next: 0%
MP:   8/13          EV: 12    Int: 16    God:    Elyvilon [......]
Gold: 161           SH:  0    Dex: 15    Spells: 7/15 levels left

rFire    . . .     SeeInvis .   h - +0 spear
rCold    . . .     Faith    .   (no shield)
rNeg     . . .     Spirit   .   a - +1 robe
rPois    .         Reflect  .   (no helmet)
rElec    .         Harm     .   f - +0 cloak
rCorr    .         Rampage  .   (no gloves)
Will     .....                  (no boots)
Stlth    ++........             c - amulet of regeneration
HPRegen  1.14/turn              (no ring)
MPRegen  0.13/turn              (no ring)

@: lethally poisoned (0 -> -1), drained
A: (nimble swimmer 2), mertail
a: Renounce Religion


You were on level 4 of the Dungeon.
You worshipped Elyvilon.
Elyvilon was noncommittal.
You visited 1 branch of the dungeon, and saw 4 of its levels.
You also visited: Sewer.

You collected 161 gold pieces.

Inventory:

Hand Weapons
 e - a +0 halberd
 g - a +0 vampiric dagger
 h - a +0 spear (weapon)
Missiles
 d - 2 atropa-tipped darts
 i - a curare-tipped dart
Armour
 a - a +1 robe (worn)
 f - a +0 cloak (worn)
Jewellery
 c - an amulet of regeneration (around neck)
Wands
 j - a wand of flame (21)
 k - a wand of digging (11)
Scrolls
 b - 2 scrolls of fog
Potions
 l - a potion of flight
 m - a potion of heal wounds {unknown}
 n - a potion of curing


   Skills:
 - Level 1.4 Fighting
 - Level 3.3 Polearms
 - Level 2.6 Dodging
 - Level 2.1 Stealth
 - Level 4.5 Spellcasting
 + Level 2.3 Hexes
 - Level 5.2 Summonings


You had 7 spell levels left.
You knew the following spells:

 Your Spells              Type           Power      Damage    Failure   Level
a - Summon Guardian Gole  Hex/Summ       15%        N/A       10%         3
c - Call Canine Familiar  Summ           20%        N/A       5%          3
m - Call Imp              Summ           20%        N/A       2%          2

Your spell library contained the following spells:

 Spells                   Type           Power      Damage    Failure   Level
 Summon Small Mammal      Summ           80%        N/A       1%          1
 Animate Skeleton         Necr           6%         N/A       16%         1
 Pain                     Necr           12%        1d4       16%         1
 Vampiric Draining        Necr           1%         2d6       43%         3
 Summon Ice Beast         Ice/Summ       12%        N/A       47%         4
 Summon Lightning Spire   Summ/Air       12%        N/A       47%         4
 Animate Dead             Necr           1%         N/A       85%         4
 Agony                    Necr           3%         N/A       99%         5


Dungeon Overview and Level Annotations

Branches:
Dungeon (4/15)              Sewer (visited)
 Temple: D:4-7

Altars:

Annotations:
D:4 Sigmund


Innate Abilities, Weirdness & Mutations

((You are quick and stealthy near water. (Stealth+, EV+, Speed+++)))
Your lower body shifts to a powerful aquatic tail in water.


Message History

You are poisoned.
Casting: Summon Guardian Golem (dangerous; 10% risk of failure)
Confirm with . or Enter, or press ? or * to list all spells.
You feel very sick.
Sigmund hits you from afar with a +3 scythe of venom.
You are more poisoned.
What are your orders? t - Shout!
Orders for allies: a - Attack new target. r - Retreat! s - Stop attacking. g - Guard the area. f - Follow me.
Anything else - Cancel.
Gang up on whom?
Press: ? - help, Dir - move target, f - Sigmund
Aim: Sigmund, wielding a +3 scythe of venom and wearing a +0 robe (ally target) Attack!
You feel very sick. Sigmund closely misses you.
You reach to attack!
You hit Sigmund.
Sigmund is lightly wounded.
You feel very sick.
Sigmund points at you and mumbles some strange words.
The magic dart hits you.
You are too injured to fight recklessly!
You feel very sick.
Your hound bites Sigmund. x2
You feel very sick.
Your hound bites Sigmund.
You feel very sick.
Your hound barely misses Sigmund.
Sigmund gestures at you while chanting. The magic dart hits you.
* * * LOW HITPOINT WARNING * * *
You feel sick.
Your hound closely misses Sigmund.
You feel sick.
Your hound bites Sigmund but does no damage.
Your hound barely misses Sigmund.
Sigmund gestures at you while chanting. The puff of flame hits you!
You die...

# #...######.#####...#### #.....
# #...............).[...# #.###.
# #..################...# #.#.#.
####..#....#≈.....#..#...###.....
......#... #≈........#PP.'.......
#####.#..######.###..#.P.##.....#
#.#.........#)##.###)#.#.#..#
#.##...h.......#...#..##.....
#.#....8@...@......#..####.##
#.#######..########...# #.#
#.....................# #.#
###...##########.#....####.#
#..## ##.#.......#.# #.##
##....#####.#.#
#.##########...).#####.#.#
#...........#....##.##.#.#
###########..........#h#.#


You could see Sigmund (ally target), a friendly guardian golem (summoned) and a
friendly hound (summoned, sheltered).

Vanquished Creatures
  A kobold brigand (Sewer)
  An iguana (D:4)
  A howler monkey skeleton (D:4)
  2 adders
  2 river rats (Sewer)
  2 ufetubi
  A worm (D:2)
  A dart slug (D:4)
  2 orcs
  3 endoplasms
  7 giant cockroaches
  5 goblins
  3 hobgoblins
  3 kobolds
  A quokka (D:3)
  A ball python (D:2)
  3 bats
  4 rats
43 creatures vanquished.

Vanquished Creatures (collateral kills)
  Edmund (D:4)
  A water moccasin skeleton (D:4)
  An orc priest (D:4)
  Jessica (D:2)
  Ijyb (D:4)
  An iguana (D:4)
  4 adders
  4 gnolls (D:2)
  2 river rats
  3 worms
  4 orcs (D:4)
  4 ball pythons
  2 bats (D:2)
  5 endoplasms
  5 giant cockroaches
  8 goblins
  4 hobgoblins
  14 jackals
  3 quokkas
  2 frilled lizards
  6 kobolds
  3 rats
79 creatures vanquished.

Grand Total: 122 creatures vanquished

Notes
Turn   | Place    | Note
-------+----------+-------------------------------------------
     0 | D:1      | jestyr24 the Merfolk Summoner began the quest for the Orb.
     0 | D:1      | Reached XP level 1. HP: 13/13 MP: 3/3
   526 | D:1      | Reached XP level 2. HP: 19/19 MP: 3/5
  1006 | D:1      | Learned a level 2 spell: Call Imp
  1107 | D:2      | Noticed Jessica
  1122 | D:2      | Killed Jessica
  1123 | D:2      | Reached XP level 3. HP: 24/24 MP: 2/6
  1291 | D:2      | Found a faded altar of an unknown god.
  1466 | D:2      | Reached XP level 4. HP: 30/30 MP: 0/8
  2552 | D:3      | Reached skill level 1 in Polearms
  2552 | D:3      | Reached XP level 5. HP: 27/36 MP: 7/10
  3095 | D:4      | Reached skill level 5 in Summonings
  3243 | D:4      | Noticed Ijyb
  3264 | D:4      | Killed Ijyb
  3373 | D:4      | Reached skill level 1 in Fighting
  3541 | D:4      | Reached XP level 6. HP: 38/43 MP: 9/12
  3775 | D:4      | Found a glowing drain.
  3779 | Sewer    | Entered a sewer
  3877 | Sewer    | Learned a level 3 spell: Call Canine Familiar
  4041 | Sewer    | Found a white marble altar of Elyvilon.
  4050 | Sewer    | Became a worshipper of Elyvilon the Healer
  4096 | Sewer    | Learned a level 3 spell: Summon Guardian Golem
  4300 | D:4      | Reached skill level 1 in Hexes
  4415 | D:4      | Noticed Edmund
  4455 | D:4      | Killed Edmund
  4456 | D:4      | Reached XP level 7. HP: 7/44 MP: 8/13
  4511 | D:4      | Noticed Sigmund
  4523 | D:4      | Killed from afar by Sigmund

Illustrated notes

Levels and vault maps discovered:
D:1:      scummos_arrival_simple_crosswalls, layout_basic,
          grunt_decor_arrowhead, serial_bayou_lake_a
D:2:      wander_river, layout_rooms, hellmonk_ecumenical_altar_zigzags,
          minmay_worlds_worst_comb, uniq_jessica
D:3:      layout_basic
D:4:      layout_loops_corners, gup_sewer_entry_spiral,
          sigmund_edmund_badplayer, uniq_ijyb

Skill      XL: |  1  2  3  4  5  6 |
---------------+-------------------+-----
Spellcasting   | 3 4 |  4.5
Polearms       | 1 2 3 |  3.3
Summonings     | 5 |  5.2
Fighting       | 1 |  1.4
Hexes          | 2 |  2.3
Dodging        | |  2.6
Stealth        | |  2.1

Action                   |  1- 3 |  4- 6 |  7- 9 || total
-------------------------+-------+-------+-------++-------
Melee: Dagger            |    13 |       |       ||    13
       Unarmed           |     4 |       |       ||     4
       Spear             |    31 |   293 |     1 ||   325
       Halberd           |       |     8 |       ||     8
       Tailslap          |       |     7 |       ||     7
 Cast: Summon Small Mamm |    17 |     1 |       ||    18
       Call Imp          |    12 |    46 |       ||    58
       Call Canine Famil |       |     4 |     1 ||     5
       Summon Guardian G |       |       |     1 ||     1
Evoke: Wand              |       |     1 |       ||     1
  Use: Scroll            |     2 |     2 |       ||     4
       Potion            |     1 |     3 |       ||     4
 Stab: Sleeping          |     2 |    10 |       ||    12
       Distracted        |     1 |       |       ||     1
Armor: Robe              |    20 |    47 |       ||    67
Dodge: Dodged            |    32 |   153 |     2 ||   187

Table legend: (Time is in decaauts)
 A = Elapsed time spent in this place.
 B = Non-inter-level travel time spent in this place.
 C = Inter-level travel time spent in this place.
 D = Time resting spent in this place.
 E = Time spent auto-exploring this place.
 F = Levels seen in this place.
 G = Mean time per level.
                   A        B        C        D        E       F      G
               +--------+--------+--------+--------+--------+-----+--------+
         Total |   4416 |   4302 |    114 |    472 |   2157 |   5 |  883.2 |
       Dungeon |   4127 |   4013 |    114 |    413 |   2136 |   4 | 1031.8 |
         Sewer |    289 |    289 |      0 |     59 |     20 |   1 |  289.0 |
               +--------+--------+--------+--------+--------+-----+--------+

Top non-repeatable levels by time:
     D:2: 1145 daAuts
     D:4: 1083 daAuts
     D:1: 1033 daAuts
     D:3: 865 daAuts
   Sewer: 289 daAuts
